 Dungeon Crawl Stone Soup version 0.27.0-1-g7a089689b8 (webtiles) character file.

Game seed: 9601568862986862382

339 theswoord the Twirler (level 6, -2/44 HPs)
             Began as a Demonspawn Gladiator on Aug 7, 2021.
             Slain by a gnoll (4 damage)
             ... on level 3 of the Dungeon.
             The game lasted 00:05:10 (3426 turns).

theswoord the Twirler (Demonspawn Gladiator)        Turns: 3426, Time: 00:05:10

Health: -2/44      AC:  7    Str: 15    XL:     6   Next: 29%
Magic:  6/6        EV: 12    Int: 10    God:
Gold:   173        SH:  0    Dex: 15    Spells: 5/5 levels left

rFire    . . .     SeeInvis .   a - +0 quarterstaff (flame)
rCold    . . .     Faith    .   (shield currently unavailable)
rNeg     . . .     Spirit   .   b - +0 leather armour
rPois    .         Reflect  .   c - +0 helmet
rElec    .         Harm     .   (no cloak)
rCorr    .         Rampage  .   (no gloves)
Will     .....                  e - +0 pair of boots
Stlth    +.........             (no amulet)
HPRegen  0.14/turn              (no ring)
MPRegen  0.10/turn              (no ring)

@: no status effects
A: talons 1, slimy green scales 1, ignite blood 1
a: no special abilities


You were on level 3 of the Dungeon.
You visited 1 branch of the dungeon, and saw 3 of its levels.
You also visited: Sewer.

You collected 173 gold pieces.

Inventory:

Hand Weapons
 a - a +0 quarterstaff of flaming (weapon)
Missiles
 d - 4 throwing nets (quivered)
Armour
 b - a +0 leather armour (worn)
 c - a +0 helmet (worn)
 e - a +0 pair of boots (worn)
Wands
 i - a wand of paralysis (6)
Scrolls
 f - a scroll of teleportation
 l - a scroll of identify
Potions
 g - 3 potions of heal wounds
 h - a potion of lignification {unknown}
 j - a potion of ambrosia {unknown}
 k - a potion of mutation {unknown}
Miscellaneous
 m - a condenser vane


   Skills:
 - Level 2.0 Fighting
 + Level 6.5 Staves
 - Level 1.7 Throwing
 - Level 2.6 Dodging


You had 5 spell levels left.
You didn't know any spells.
Your spell library was empty.

Dungeon Overview and Level Annotations

Branches:
Dungeon (3/15)              Sewer (visited)

Altars:

Shops:
D:1 (


Innate Abilities, Weirdness & Mutations

You have sharp toenails.
You are partially covered in slimy green scales. (AC +2)
Your demonic aura sometimes causes spilled blood to erupt in flames.


Message History

You open the door.
There is an open door here.
There is a stone staircase leading down here.
As you open the door, it creaks loudly!
A gnoll comes into view. It is wielding a +0 flail.
The gnoll shouts!
You hear a shout!
A gnoll is nearby!
A gnoll is nearby!
A gnoll is nearby! 2 gnolls come into view.
The gnoll moves out of view. x2
There is an open door here.
A worm comes into view.
The gnoll hits you with a +0 flail!
The gnoll shouts!
You hit the gnoll. You burn the gnoll.
The gnoll is heavily wounded.
The gnoll hits you from afar with a +0 spear.
The gnoll hits you with a +0 flail. The worm bites you.
You sock the gnoll! You burn the gnoll.
You kill the gnoll!
The gnoll barely misses you. The worm bites you!
* * * LOW HITPOINT WARNING * * *
You barely miss the worm.
The gnoll hits you from afar with a +0 spear.
* * * LOW HITPOINT WARNING * * *
You sock the worm! You burn the worm.
The worm is heavily wounded.
The gnoll barely misses you. The worm bites you!
* * * LOW HITPOINT WARNING * * *
You barely miss the worm.
The worm is heavily wounded.
The gnoll hits you with a +0 club.
* * * LOW HITPOINT WARNING * * *
The gnoll hits you from afar with a +0 spear.
* * * LOW HITPOINT WARNING * * *
You completely miss the worm.
The worm is heavily wounded.
The gnoll hits you with a +0 club.
You die...

#.#...####....>....####...#...#
#........'.........'...........
#.#...####.........####........
.......# ##.......## ##.......
###.###.# ##.....## #.......
#.. ..> ##...## ##.#...# # #.#
##'## #.#...# ..# #.# #.#...#
### #@# #.##### .......gw.# #.#
###.##...g# #.# ....... #.
##......# ##....... #.....###
#.....#


You could see a worm and 2 gnolls.

Vanquished Creatures
  2 bullfrogs (Sewer)
  Ijyb (D:3)
  A hound skeleton (D:3)
  A gnoll (D:3)
  4 adders (Sewer)
  3 dart slugs (D:1)
  15 endoplasms
  11 giant cockroaches
  2 goblins (D:1)
  10 jackals
  15 quokkas
  15 ball pythons
  9 bats
  11 frilled lizards
  10 kobolds
  7 rats
117 creatures vanquished.

Notes
Turn   | Place    | Note
-------+----------+-------------------------------------------
     0 | D:1      | theswoord the Demonspawn Gladiator began the quest for the
                  | Orb.
     0 | D:1      | Reached XP level 1. HP: 16/16 MP: 1/1
    33 | D:1      | Reached skill level 3 in Staves
   202 | D:1      | Gained mutation: You are partially covered in slimy green
                  | scales. (AC +2) [demonic ancestry]
   202 | D:1      | Reached XP level 2. HP: 22/22 MP: 2/2
   278 | D:1      | Found Roenk's Weapon Emporium.
   490 | D:1      | Reached XP level 3. HP: 27/27 MP: 3/3
   608 | D:1      | Reached skill level 4 in Staves
  1895 | D:3      | Noticed Ijyb
  1897 | D:3      | Paralysed by Ijyb for 4 turns
  1907 | D:3      | Killed Ijyb
  1908 | D:3      | Gained mutation: You have sharp toenails. [demonic
                  | ancestry]
  1908 | D:3      | Reached XP level 4. HP: 29/33 MP: 4/4
  2174 | D:3      | Found a glowing drain.
  2178 | Sewer    | Entered a sewer
  2431 | Sewer    | Reached skill level 5 in Staves
  2688 | Sewer    | Reached XP level 5. HP: 32/38 MP: 5/5
  3000 | Sewer    | Reached skill level 6 in Staves
  3013 | Sewer    | Gained mutation: Your demonic aura sometimes causes spilled
                  | blood to erupt in flames. [demonic ancestry]
  3013 | Sewer    | Reached XP level 6. HP: 32/44 MP: 6/6
  3425 | D:3      | HP: 2/44 [gnoll (1)]
  3426 | D:3      | Slain by a gnoll

Skill      XL: |  1  2  3  4  5 |
---------------+----------------+-----
Staves         | 3 4 5 6 |  6.5
Fighting       | |  2.0
Throwing       | |  1.7
Dodging        | |  2.6

Action                   |  1- 3 |  4- 6 || total
-------------------------+-------+-------++-------
Melee: Quarterstaff      |   128 |   175 ||   303
  Use: Scroll            |     3 |     1 ||     4
 Stab: Sleeping          |     1 |       ||     1
Armor: Leather armour    |    49 |    74 ||   123
Dodge: Dodged            |    83 |    91 ||   174

Levels and vault maps discovered:
D:1:      minmay_arrival_checkered_box, layout_loops_ring, serial_shops, shop
D:2:      layout_loops_cross
D:3:      layout_loops_corners, led_xom_imps, gup_sewer_entry_bowl, uniq_ijyb
